 Dungeon Crawl Stone Soup version 0.17-a0-1667-g4ca74a1 (webtiles) character file.

966 HenryFlower the Grappler (level 7, -1/66 HPs)
             Began as a Troll Monk on Aug 18, 2015.
             Slain by braveplatypus's ghost (11 damage)
             ... on level 5 of the Dungeon.
             The game lasted 00:08:11 (3413 turns).

HenryFlower the Grappler (Troll Monk)               Turns: 3413, Time: 00:08:11

Health: -1/66      AC:  6    Str: 20    XL:     7   Next: 93%
Magic:  6/6        EV: 10    Int:  6    God:
Gold:   194        SH:  0    Dex: 14    Spells: 0 memorised, 6 levels left

rFire  . . .     SeeInvis .       - Unarmed
rCold  . . .     Clarity  .     a - +0 robe
rNeg   . . .     SustAt   .     (no shield)
rPois  +         Gourm    +     (helmet restricted)
rElec  .         Spirit   .     d - +0 cloak
rCorr  .         Warding  .     (gloves unavailable)
rMut   .         Stasis   .     (boots unavailable)
MR     .....                    j - amulet of regeneration
Stlth  +.........               (no ring)
                                r - ring of poison resistance

@: hasted, heavily drained, very quick, not resistant to hostile enchantments,
very unstealthy
A: unfitting armour, claws 3, fast metabolism 3, gourmand, regeneration 2,
shaggy fur 1, tough skin 2
a: no special abilities


You were on level 5 of the Dungeon.
You were very full.

You visited 1 branch of the dungeon, and saw 5 of its levels.

You collected 264 gold pieces.
You spent 70 gold pieces at shops.

Inventory:

Armour
 a - a +0 robe (worn)
 d - a +0 cloak (worn)
Jewellery
 j - an amulet of regeneration (around neck)
 l - an uncursed amulet of regeneration
 o - an uncursed amulet of the gourmand {unknown}
 r - a ring of poison resistance (left claw)
Magical devices
 n - a wand of digging (16)
 s - a wand of teleportation (2)
Scrolls
 q - 4 scrolls of remove curse
 u - 2 scrolls of magic mapping
 v - 3 scrolls of teleportation {unknown}
 y - a scroll of enchant armour {unknown}
Potions
 c - a potion of haste
 e - 4 potions of curing
 g - a potion of invisibility
 i - 2 potions of brilliance
 m - a potion of resistance
 p - a potion of degeneration {unknown}
 t - a potion of agility {unknown}
 z - a potion of ambrosia {unknown}
Comestibles
 b - 5 bread rations
 h - a slice of pizza
 k - a beef jerky
 w - a meat ration
 x - 2 royal jellies
 A - a chunk of flesh


   Skills:
 - Level 2.4(1.3) Fighting
 - Level 2.4(1.3) Dodging
 - Level 1.1(0.0) Stealth
 + Level 10.0(8.6) Unarmed Combat


You had 6 spell levels left.
You didn't know any spells.

Dungeon Overview and Level Annotations

Branches:
Dungeon (5/15)
 Temple: D:4-7

Altars:
Gozag
Makhleb
Nemelex Xobeh

Shops:
D:4 (=}!}   D:5 *

Annotations:
D:5 braveplatypus's ghost, experienced DrFi


Innate Abilities, Weirdness & Mutations

You are too large for most types of armour.
You have claws for hands.
Your metabolism is lightning-fast.
You like to eat raw meat.
You heal very quickly.
You are covered in fur (AC +1).
You have very tough skin (AC +2).


Message History

You feel much better. Braveplatypus's ghost hits you.
You completely miss braveplatypus's ghost.
Braveplatypus's ghost is heavily damaged.
Braveplatypus's ghost hits you!
* * * LOW HITPOINT WARNING * * *
You claw braveplatypus's ghost!
Braveplatypus's ghost is severely damaged.
Braveplatypus's ghost hits you!
* * * LOW HITPOINT WARNING * * *
Unknown command.
You barely miss braveplatypus's ghost.
Braveplatypus's ghost is severely damaged.
You scratch braveplatypus's ghost but do no damage.
Braveplatypus's ghost is severely damaged.
Braveplatypus's ghost hits you!
* * * LOW HITPOINT WARNING * * *
Unknown command.
Drink which item? (? for menu, Esc to quit)
You feel yourself speed up. Braveplatypus's ghost hits you!
You die...

... #...#.[........
#..##.....[.....#..
#.#...W......##... . #
##...>......###..#.. #
...........## #..#.####
#..#....###.###..#.....
###..#....#
##.##÷.#.####
.......W### ##......#
###....#@## ##.##...##
#.......###.####†.#####
#..###...#.## #..##...
#.[ ##.#).# #.....## #.
#.#..## #..#### #
...#>..####..#
..............#
##........##..#
#............#


You could see braveplatypus's ghost.

Vanquished Creatures
  Eustachio (D:4)
  A black bear (D:5)
  A sky beast (D:5)
  A centaur (D:5)
  2 ogres
  A scorpion (D:4)
  3 orc wizards (D:4)
  A gnoll shaman (D:4)
  Natasha (thrice) (D:2)
  2 iguanas
  5 adders
  5 gnolls (D:4)
  2 shadow imps
  2 oozes
  A worm (D:4)
  5 giant geckos
  5 orcs
  A ball python (D:4)
  6 giant cockroaches
  4 goblins
  4 hobgoblins
  5 jackals (D:2)
  2 quokkas
  5 bats (D:1)
  A giant gecko zombie (D:4)
  A giant newt (D:2)
  4 kobolds
  13 rats
87 creatures vanquished.

Notes
Turn   | Place    | Note
--------------------------------------------------------------
     0 | D:1      | HenryFlower the Troll Monk began the quest for the Orb.
     0 | D:1      | Reached XP level 1. HP: 22/22 MP: 0/0
   122 | D:1      | Reached XP level 2. HP: 25/29 MP: 1/1
   389 | D:1      | Reached skill level 5 in Unarmed Combat
   402 | D:1      | Reached XP level 3. HP: 36/36 MP: 2/2
   826 | D:2      | Noticed Natasha
   838 | D:2      | Killed Natasha
   838 | D:2      | Reached XP level 4. HP: 40/44 MP: 3/3
  1023 | D:2      | Noticed Natasha
  1029 | D:2      | Killed Natasha
  1101 | D:2      | Noticed Natasha
  1108 | D:2      | Killed Natasha
  1263 | D:3      | Found an opulent altar of Gozag.
  1263 | D:3      | Found a sparkling altar of Nemelex Xobeh.
  1388 | D:3      | Reached skill level 6 in Unarmed Combat
  2215 | D:4      | Found Maunoc's Distillery.
  2223 | D:4      | Bought a potion of heal wounds for 70 gold pieces
  2247 | D:4      | Reached XP level 5. HP: 44/50 MP: 4/4
  2340 | D:4      | Found Nissikh's Gadget Boutique.
  2360 | D:4      | Reached skill level 7 in Unarmed Combat
  2412 | D:4      | Reached XP level 6. HP: 57/59 MP: 5/5
  2575 | D:4      | Found Uhapn's Gadget Boutique.
  2597 | D:4      | Found Doidghad's Jewellery Boutique.
  2606 | D:4      | Found Witto's Weapon Shoppe.
  2618 | D:4      | Noticed Eustachio
  2632 | D:4      | Killed Eustachio
  2632 | D:4      | Reached skill level 8 in Unarmed Combat
  2653 | D:4      | Noticed an ogre
  2657 | D:4      | Killed an ogre
  2657 | D:4      | Reached XP level 7. HP: 45/66 MP: 6/6
  2919 | D:4      | Found a burning altar of Makhleb.
  3108 | D:5      | Entered Level 5 of the Dungeon
  3163 | D:5      | Reached skill level 9 in Unarmed Combat
  3164 | D:5      | Found Titil's Tempting Trifles.
  3373 | D:5      | Reached skill level 10 in Unarmed Combat
  3384 | D:5      | Noticed braveplatypus's ghost (experienced DrFi)
  3413 | D:5      | Slain by braveplatypus's ghost

Vault maps used:
D:1:      dpeg_arrival_prison, moated_statue
D:2:      serial_bayou_lake_a, uniq_natasha
D:3:      grunt_temple_overflow_opulence
D:4:      lemuel_crystal_altar, serial_shops, nicolae_shop_window_shopping,
          shop, shop, kennysheep_mini, kennysheep_mini_moat,
          due_unseen_surprise, uniq_eustachio
D:5:      black_bear_nest_1, minmay_overflow_temple_star_quad,
          portal_sewer_entry_e, first_bread, nicolae_alphabet_shops

Action                   |  1- 3 |  4- 6 |  7- 9 || total
-------------------------+-------+-------+-------++-------
Melee: Unarmed           |    91 |   133 |    49 ||   273
Evoke: Wand              |       |       |     1 ||     1
  Use: Scroll            |     4 |     4 |     2 ||    10
       Potion            |       |       |     3 ||     3
 Stab: Sleeping          |     2 |     1 |     1 ||     4
  Eat: Chunk             |    13 |    17 |     7 ||    37
